NCAA
MARYLAND TERRAPINS @ SETON HALL PIRATES
04/16/2029
 
TOP OF THE 1ST
Maryland Terrapins batting - Pitching for Seton Hall Pirates : LHP Earnest Patterson
Pitching: LHP Earnest Patterson
Batting: RHB Louis Vance 0-0: Called Strike
0-1: Fly out, F8 (Flyball, 89D)
Batting: LHB James Navarro 0-0: Called Strike
0-1: Swinging Strike
0-2: Ball
1-2: Strikes out looking
Batting: SHB Will Allen 0-0: Ball
1-0: Called Strike
1-1: Ball
2-1: Foul Ball, location: 2F
2-2: Ball
3-2: Foul Ball, location: 2F
3-2: Foul Ball, location: 2F
3-2: Strikes out looking
Top of the 1st over - 0 runs, 0 hits, 0 errors, 0 left on base; Maryland 0 - Seton Hall 0
BOTTOM OF THE 1ST
Seton Hall Pirates batting - Pitching for Maryland Terrapins : LHP Tim Sanders
Pitching: LHP Tim Sanders
Batting: RHB Ken Horn 0-0: Ball
1-0: Called Strike
1-1: Called Strike
1-2: Foul Ball, location: 2F
1-2: Strikes out swinging
Batting: LHB Joe Rutherford 0-0: Foul Ball, location: 2F
0-1: Called Strike
0-2: Ball
1-2: Foul Ball, location: 2F
1-2: Ball
2-2: Ball
3-2: Foul Ball, location: 2F
3-2: Foul Ball, location: 2F
3-2: Foul Ball, location: 2F
3-2: Foul Ball, location: 2F
3-2: Foul Ball, location: 2F
3-2: Foul Ball, location: 2F
3-2: Base on Balls
Batting: SHB David Bennett 0-0: Foul Ball, location: 2F
0-1: Foul Ball, location: 2F
0-2: Grounds into double play, 5-4-3 (Groundball, 56)
Bottom of the 1st over - 0 runs, 0 hits, 0 errors, 0 left on base; Maryland 0 - Seton Hall 0
TOP OF THE 2ND
Maryland Terrapins batting - Pitching for Seton Hall Pirates : LHP Earnest Patterson
Batting: RHB Bill Marsh 0-0: Foul Ball, location: 2F
0-1: Called Strike
0-2: Ball
1-2: Strikes out swinging, 2-3 out at first.
Batting: LHB Don MacNeill 0-0: Called Strike
0-1: Ball
1-1: Ball
2-1: Foul Ball, location: 2F
2-2: Ball
3-2: Foul Ball, location: 2F
3-2: Foul Ball, location: 2F
3-2: Foul Ball, location: 2F
3-2: Strikes out looking
Batting: RHB Jeff O'Day 0-0: Swinging Strike
0-1: Called Strike
0-2: Strikes out swinging
Top of the 2nd over - 0 runs, 0 hits, 0 errors, 0 left on base; Maryland 0 - Seton Hall 0
BOTTOM OF THE 2ND
Seton Hall Pirates batting - Pitching for Maryland Terrapins : LHP Tim Sanders
Batting: RHB Chris Rigney 0-0: Ball
1-0: Ball
2-0: Called Strike
2-1: Fly out, F8 (Flyball, 8RD)
Batting: LHB Vernon Riley 0-0: Foul Ball, location: 2F
0-1: Foul Ball, location: 2F
0-2: Strikes out looking
Batting: RHB Joe Lord 0-0: Swinging Strike
0-1: Called Strike
0-2: Strikes out swinging
Bottom of the 2nd over - 0 runs, 0 hits, 0 errors, 0 left on base; Maryland 0 - Seton Hall 0
TOP OF THE 3RD
Maryland Terrapins batting - Pitching for Seton Hall Pirates : LHP Earnest Patterson
Batting: RHB Dawson Blanton 0-0: Swinging Strike
0-1: Called Strike
0-2: Strikes out swinging
Batting: RHB Les McCarty 0-0: Ball
1-0: Fly out, F7 (Flyball, 7S)
Batting: RHB Bill Cooper 0-0: Foul Ball, location: 2F
0-1: Fly out, F8 (Flyball, 8LD)
Top of the 3rd over - 0 runs, 0 hits, 0 errors, 0 left on base; Maryland 0 - Seton Hall 0
BOTTOM OF THE 3RD
Seton Hall Pirates batting - Pitching for Maryland Terrapins : LHP Tim Sanders
Batting: RHB Matt Hidalgo 0-0: Called Strike
0-1: Ground out 6-3 (Groundball, 6)
Batting: LHB Turner Burns 0-0: SINGLE (Flyball, 78S)
Batting: RHB Fernando Cuevas 0-0: Called Strike
0-1: Ball
1-1: Called Strike
1-2: Foul Ball, location: 2F
1-2: Strikes out swinging
Batting: RHB Ken Horn 0-0: Foul Ball, location: 2F
0-1: Foul Ball, location: 2F
0-2: Ball
1-2: Ball
2-2: Foul Ball, location: 2F
2-2: Hit by Pitch
Turner Burns to second
Batting: LHB Joe Rutherford 0-0: Fly out, F8 (Flyball, 8RM)
Bottom of the 3rd over - 0 runs, 1 hit, 0 errors, 2 left on base; Maryland 0 - Seton Hall 0
TOP OF THE 4TH
Maryland Terrapins batting - Pitching for Seton Hall Pirates : LHP Earnest Patterson
Batting: RHB Louis Vance 0-0: Ball
1-0: Ball
2-0: Called Strike
2-1: Ground out 4-3 (Groundball, 4)
Batting: LHB James Navarro 0-0: Called Strike
0-1: Ball
1-1: Swinging Strike
1-2: Ball
2-2: Strikes out looking
Batting: SHB Will Allen 0-0: Called Strike
0-1: SINGLE (Groundball, 6MD)
Batting: RHB Bill Marsh 0-0: Called Strike
0-1: Ball
1-1: Foul Ball, location: 2F
1-2: Ball
2-2: Ball
3-2: Strikes out swinging
Top of the 4th over - 0 runs, 1 hit, 0 errors, 1 left on base; Maryland 0 - Seton Hall 0
BOTTOM OF THE 4TH
Seton Hall Pirates batting - Pitching for Maryland Terrapins : LHP Tim Sanders
Batting: SHB David Bennett 0-0: Called Strike
0-1: Ball
1-1: Foul Ball, location: 2F
1-2: Fly out, F3 (Line Drive, 3)
Batting: RHB Chris Rigney 0-0: Ball
1-0: Foul Ball, location: 2F
1-1: Foul Ball, location: 2F
1-2: Foul Ball, location: 2F
1-2: Ball
2-2: Foul Ball, location: 2F
2-2: Strikes out swinging
Batting: LHB Vernon Riley 0-0: Ball
1-0: Ground out 4-3 (Groundball, 4)
Bottom of the 4th over - 0 runs, 0 hits, 0 errors, 0 left on base; Maryland 0 - Seton Hall 0
TOP OF THE 5TH
Maryland Terrapins batting - Pitching for Seton Hall Pirates : LHP Earnest Patterson
Batting: LHB Don MacNeill 0-0: Called Strike
0-1: Ball
1-1: Swinging Strike
1-2: Strikes out swinging
Batting: RHB Jeff O'Day 0-0: Ball
1-0: Ground out 4-3 (Groundball, 34)
Batting: RHB Dawson Blanton 0-0: Ball
1-0: Called Strike
1-1: Foul Ball, location: 2F
1-2: Strikes out looking
Top of the 5th over - 0 runs, 0 hits, 0 errors, 0 left on base; Maryland 0 - Seton Hall 0
BOTTOM OF THE 5TH
Seton Hall Pirates batting - Pitching for Maryland Terrapins : LHP Tim Sanders
Batting: RHB Joe Lord 0-0: Ball
1-0: Ball
2-0: Ground out 6-3 (Groundball, 56)
Batting: RHB Matt Hidalgo 0-0: SOLO HOME RUN (Flyball, 9LD), Distance : 321 ft
Batting: LHB Turner Burns 0-0: Ball
1-0: Called Strike
1-1: Ball
2-1: Called Strike
2-2: Strikes out swinging
Batting: RHB Fernando Cuevas 0-0: Called Strike
0-1: Swinging Strike
0-2: Strikes out looking
Bottom of the 5th over - 1 run, 1 hit, 0 errors, 0 left on base; Maryland 0 - Seton Hall 1
TOP OF THE 6TH
Maryland Terrapins batting - Pitching for Seton Hall Pirates : LHP Earnest Patterson
Batting: RHB Les McCarty 0-0: Ball
1-0: Ball
2-0: Foul Ball, location: 2F
2-1: Swinging Strike
2-2: Ground out 5-3 (Groundball, 56)
Batting: RHB Bill Cooper 0-0: Ball
1-0: Fly out, F8 (Flyball, 8RD)
Batting: RHB Louis Vance 0-0: Foul Ball, location: 2F
0-1: Ball
1-1: Called Strike
1-2: Ball
2-2: Strikes out swinging
Top of the 6th over - 0 runs, 0 hits, 0 errors, 0 left on base; Maryland 0 - Seton Hall 1
BOTTOM OF THE 6TH
Seton Hall Pirates batting - Pitching for Maryland Terrapins : LHP Tim Sanders
Batting: RHB Ken Horn 0-0: Ball
1-0: Ball
2-0: Foul Ball, location: 2F
2-1: Ball
3-1: Foul Ball, location: 2F
3-2: Foul Ball, location: 2F
3-2: Strikes out swinging
Batting: LHB Joe Rutherford 0-0: Called Strike
0-1: Ground out 4-3 (Groundball, 4M)
Batting: SHB David Bennett 0-0: Ball
1-0: Called Strike
1-1: Foul Ball, location: 2F
1-2: Strikes out swinging
Bottom of the 6th over - 0 runs, 0 hits, 0 errors, 0 left on base; Maryland 0 - Seton Hall 1
TOP OF THE 7TH
Maryland Terrapins batting - Pitching for Seton Hall Pirates : LHP Earnest Patterson
Batting: LHB James Navarro 0-0: Ball
1-0: Foul Ball, location: 2F
1-1: Ball
2-1: Called Strike
2-2: Strikes out swinging
Pitching: RHP Harley Sandberg
Batting: SHB Will Allen 0-0: Called Strike
0-1: Ball
1-1: Foul Ball, location: 2F
1-2: Ball
2-2: Ball
3-2: Strikes out swinging
Batting: RHB Bill Marsh 0-0: Called Strike
0-1: Swinging Strike
0-2: Ball
1-2: Ball
2-2: Ball
3-2: Base on Balls
Pitching: LHP Keith Case
Batting: LHB Don MacNeill 0-0: Called Strike
0-1: Foul Ball, location: 2F
0-2: Ball
1-2: Ball
Bill Marsh steals 2nd base
2-2: Foul Ball, location: 2F
2-2: Ball
3-2: Base on Balls
Pitching: RHP Ray Stevens
Batting: RHB Jeff O'Day 0-0: Called Strike
0-1: Swinging Strike
0-2: Ball
1-2: Ball
2-2: Ground out 4-3 (Groundball, 34)
Top of the 7th over - 0 runs, 0 hits, 0 errors, 2 left on base; Maryland 0 - Seton Hall 1
BOTTOM OF THE 7TH
Seton Hall Pirates batting - Pitching for Maryland Terrapins : LHP Tim Sanders
Pitching: RHP José Machado
Batting: RHB Chris Rigney 0-0: SINGLE (Line Drive, 6D)
Batting: LHB Vernon Riley 0-0: 2-RUN HOME RUN (Line Drive, 9LD), Distance : 324 ft
Pitching: LHP Enrico Sánchez
Batting: RHB Joe Lord 0-0: Called Strike
0-1: Ball
1-1: Ball
2-1: Ball
3-1: Base on Balls
Batting: RHB Matt Hidalgo 0-0: Foul Ball, location: 2F
0-1: Fly out, F9 (Flyball, 9)
Batting: LHB Turner Burns 0-0: Ball
1-0: Ball
2-0: Ball
3-0: Base on Balls
Joe Lord to second
Batting: RHB Fernando Cuevas 0-0: Grounds out, U3 (Groundball, 3L)
Joe Lord to third
Batting: RHB Ken Horn 0-0: Ball
1-0: Ball
2-0: Called Strike
2-1: Foul Ball, location: 2F
2-2: Reached on error, E6 (Groundball, 6)
Joe Lord scores
Turner Burns to third
Batting: LHB Joe Rutherford 0-0: Called Strike
0-1: Foul Ball, location: 2F
0-2: Strikes out swinging
Bottom of the 7th over - 3 runs, 2 hits, 1 error, 2 left on base; Maryland 0 - Seton Hall 4
TOP OF THE 8TH
Maryland Terrapins batting - Pitching for Seton Hall Pirates : RHP Ray Stevens
Batting: RHB Dawson Blanton 0-0: Ball
1-0: Called Strike
1-1: Fly out, F8 (Flyball, 8RS)
Batting: RHB Les McCarty 0-0: Called Strike
0-1: Ball
1-1: Ball
2-1: Called Strike
2-2: Ball
3-2: Base on Balls
Batting: RHB Bill Cooper 0-0: Called Strike
0-1: Fly out, F9 (Flyball, 9)
Batting: RHB Louis Vance 0-0: Ball
1-0: Swinging Strike
1-1: Ball
2-1: SINGLE (Groundball, 56D)
Les McCarty to second
Batting: LHB James Navarro 0-0: Ball
1-0: Foul Ball, location: 2F
1-1: Ball
2-1: Swinging Strike
2-2: Foul Ball, location: 2F
2-2: Strikes out looking
Top of the 8th over - 0 runs, 1 hit, 0 errors, 2 left on base; Maryland 0 - Seton Hall 4
BOTTOM OF THE 8TH
Seton Hall Pirates batting - Pitching for Maryland Terrapins : LHP Enrico Sánchez
Batting: SHB David Bennett 0-0: Called Strike
0-1: Ball
1-1: Swinging Strike
1-2: Ball
2-2: Ball
3-2: Base on Balls
Batting: RHB Chris Rigney 0-0: Called Strike
0-1: Grounds into double play, 5-4-3 (Groundball, 56)
Batting: LHB Vernon Riley 0-0: Ground out 6-3 (Groundball, 6M)
Bottom of the 8th over - 0 runs, 0 hits, 0 errors, 0 left on base; Maryland 0 - Seton Hall 4
TOP OF THE 9TH
Maryland Terrapins batting - Pitching for Seton Hall Pirates : LHP Allen Hernández
Pitching: LHP Allen Hernández
Batting: SHB Will Allen 0-0: Called Strike
0-1: Ball
1-1: Ball
2-1: Ball
3-1: Called Strike
3-2: Base on Balls
Pitching: RHP Tom Skiffington
Batting: RHB Bill Marsh 0-0: Ball
1-0: Ball
2-0: Foul Ball, location: 2F
2-1: Foul Ball, location: 2F
2-2: Ball
3-2: Foul Ball, location: 2F
3-2: Strikes out looking
Batting: LHB Don MacNeill 0-0: Ball
1-0: Ball
2-0: Called Strike
2-1: Ball
3-1: Base on Balls
Will Allen to second
Batting: RHB Jeff O'Day 0-0: Called Strike
0-1: Ball
1-1: Foul Ball, location: 2F
1-2: Foul Ball, location: 2F
1-2: Fly out, F9 (Flyball, 89D)
Batting: RHB Dawson Blanton 0-0: Ball
Wild Pitch!
Will Allen to third
Don MacNeill to second
1-0: Ball
2-0: Called Strike
2-1: Swinging Strike
2-2: Strikes out looking
Top of the 9th over - 0 runs, 0 hits, 0 errors, 2 left on base; Maryland 0 - Seton Hall 4
Saturday, December 16th, 2017 - OOTP Baseball 18.8 Build 76